 Dungeon Crawl Stone Soup version 0.25-a0-510-ge065f6de7d (webtiles) character file.

Game seed: 9746916953641199973, levelgen mode: classic

467557 EnegeticOcto the Champion of Chaos (level 23, -2/230 HPs)
             Began as a Deep Dwarf Fighter on Feb 15, 2020.
             Was the Champion of Makhleb.
             Killed from afar by a blizzard demon (27 damage)
             ... with a bolt of lightning
             ... on level 5 of the Realm of Zot.
             The game lasted 00:25:39 (21168 turns).

EnegeticOcto the Champion of Chaos (DDFi)          Turns: 21168, Time: 00:25:39

Health: -2/230     AC: 39    Str: 26 (28) XL:     23   Next: 18%
Magic:  5/5        EV: 12    Int:  4      God:    Makhleb [******]
Gold:   1666       SH: 31    Dex:  8      Spells: 22/22 levels left

rFire    + + .     SeeInvis .   a - +7 broad axe
rCold    + . .     Gourm    .   n - +10 tower shield of Ignorance {rN+ Int-4}
rNeg     + + +     Faith    .   O - +4 gold dragon scales
rPois    +         Spirit   .   p - +2 helmet
rElec    .         Reflect  .   X - +2 cloak
rCorr    .         Harm     .   c - +0 pair of gloves of Sudie {rPois rN+ Str+3}
MR       +++..     Rnd*Rage +   P - +2 pair of boots Stlth ..........Rnd*Tele +
                                (no amulet)
HPRegen  0.00/turn              i - +3 ring of evasion
MPRegen  0.09/turn              y - ring of protection from fire

@: marked, non-regenerating
A: damage resistance, heal wounds, claws 1, slimy green scales 1, camouflage 1,
berserk 2, blurry vision 1, clumsy 2, dopey 1, low mp 3, negative energy
resistance 1, sense surroundings 3, screaming 2, teleportitis 1, weak 2, subdued
magic 1, no regeneration
0: Orb of Zot
}: 3/15 runes: decaying, serpentine, silver
a: Heal Wounds, Minor Destruction, Lesser Servant of Makhleb, Major Destruction,
Greater Servant of Makhleb, Renounce Religion


You were on level 5 of the Realm of Zot.
You worshipped Makhleb.
Makhleb was exalted by your worship.
You were not hungry.

You visited 9 branches of the dungeon, and saw 46 of its levels.
You also visited: Volcano.

You collected 3006 gold pieces.
You spent 1340 gold pieces at shops.

Inventory:

Hand Weapons
 a - a +7 broad axe (weapon)
 g - a +1 hand axe of venom
 u - the +14 obsidian axe {vorpal, +Fly SInv *Curse}
   (You found it on level 9 of the Dungeon)

   It inflicts extra damage upon your enemies.
   It lets you see invisible.
   It lets you fly.
   It curses itself when equipped.
 A - a +2 flail of distortion
Missiles
 z - a throwing net (quivered)
Armour
 c - the +0 pair of gloves of Sudie (worn) {rPois rN+ Str+3}
   (You found it on level 6 of the Dungeon)

   It affects your strength (+3).
   It protects you from poison.
   It protects you from negative energy.
   If you remove this armour, your AC will decrease by 1 (39 -> 38).
 j - the +2 storm dragon scales of Defence {rElec rPois Regen+ Int-5 SInv}
   (You bought it in a shop on level 11 of the Dungeon)

   It affects your intelligence (-5).
   It insulates you from electricity.
   It protects you from poison.
   It lets you see invisible.
   It increases your rate of regeneration.
   If you switch to wearing this armour, your AC will decrease by 5 (39 -> 34).
 n - the +10 tower shield of Ignorance (worn) {rN+ Int-4}
   (You found it on level 5 of the Vaults)

   It affects your intelligence (-4).
   It protects you from negative energy.
 p - a +2 helmet (worn)
 O - +4 gold dragon scales (worn)
 P - a +2 pair of boots (worn)
 Q - the +10 plate armour "Feggagiu" {-Tele Int+2 SInv}
   (You found it on level 5 of the Vaults)

   It affects your intelligence (+2).
   It lets you see invisible.
   It prevents most forms of teleportation.
   If you switch to wearing this armour, your AC will increase by 3 (39 -> 42).
 X - a +2 cloak (worn)
Jewellery
 i - a +3 ring of evasion (left hand)
 y - a ring of protection from fire (right hand)
 E - an uncursed ring of protection from magic
 S - the ring of the Mage {Wiz MR++ Int+3}
   (You took it off a yaktaur captain on level 5 of the Vaults)

   [ring of wizardry]

   It improves your spell success rate.
   It affects your intelligence (+3).
   It affects your resistance to hostile enchantments.
Wands
 b - a wand of scattershot (5)
 v - a wand of polymorph (4)
 w - a wand of iceblast (8)
 C - a wand of paralysis (7)
Scrolls
 k - 7 scrolls of teleportation {@r2}
 m - 10 scrolls of remove curse {@r6}
 o - 4 scrolls of immolation {@r4}
 r - 2 scrolls of noise
 s - 2 scrolls of blinking {@r3}
 t - a scroll of magic mapping {@r5}
 x - 4 scrolls of identify {@r1}
 B - a scroll of fog
 G - a scroll of enchant weapon
 N - 6 scrolls of fear
 U - 2 scrolls of silence
 Y - a scroll of holy word
Potions
 d - 3 potions of might {@q3}
 f - 4 potions of berserk rage
 h - 5 potions of curing {@q1}
 q - 7 potions of agility {@q5}
 H - 6 potions of lignification {@q7}
 J - 5 potions of cancellation
 K - 3 potions of heal wounds {@q2}
 L - 6 potions of brilliance
 V - 2 potions of magic
 W - 2 potions of haste {@q4}
 Z - 2 potions of ambrosia
Miscellaneous
 R - a lamp of fire
Comestibles
 e - 40 rations


   Skills:
 * Level 18.6 Fighting
 * Level 21.4 Axes
 + Level 16.2 Armour
 + Level 15.9 Dodging
 + Level 16.2 Shields
 + Level 21.8 Invocations


You had 22 spell levels left.
You didn't know any spells.
Your spell library contained the following spells:

 Spells                   Type           Power        Failure   Level  Hunger
 Beastly Appendage        Tmut           #.....       100%        1    ##.....
 Corona                   Hex            #......      100%        1    ##.....
 Infusion                 Chrm           #...         100%        1    ##.....
 Magic Dart               Conj           #...         100%        1    ##.....
 Sandblast                Erth           #.....       100%        1    ##.....
 Shock                    Conj/Air       #...         100%        1    ##.....
 Summon Small Mammal      Summ           #...         100%        1    ##.....
 Blink                    Tloc           N/A          100%        2    ###....
 Call Imp                 Summ           #.......     100%        2    ###....
 Passwall                 Tmut/Erth      #.......     100%        2    ###....
 Searing Ray              Conj           #.....       100%        2    ###....
 Shroud of Golubria       Chrm/Tloc      #.....       100%        2    ###....
 Slow                     Hex            #.......     100%        2    ###....
 Song of Slaying          Chrm           #.......     100%        2    ###....
 Sticks to Snakes         Tmut           #.......     100%        2    ###....
 Swiftness                Chrm/Air       #.......     100%        2    ###....
 Call Canine Familiar     Summ           #.......     100%        3    ####...
 Confusing Touch          Hex            #.......     100%        3    ####...
 Conjure Flame            Conj/Fire      #.......     100%        3    ####...
 Gell's Gravitas          Tloc           #.........   100%        3    ####...
 Inner Flame              Hex/Fire       #.......     100%        3    ####...
 Lesser Beckoning         Tloc           #.........   100%        3    ####...
 Mephitic Cloud           Conj/Pois/Air  #.......     100%        3    ####...
 Ozocubu's Armour         Chrm/Ice       #.......     100%        3    ####...
 Portal Projectile        Hex/Tloc       #.....       100%        3    ####...
 Recall                   Summ/Tloc      N/A          100%        3    ####...
 Spectral Weapon          Hex/Chrm       #.......     100%        3    ####...
 Spider Form              Tmut/Pois      #.........   100%        3    ####...
 Static Discharge         Conj/Air       #.......     100%        3    ####...
 Stone Arrow              Conj/Erth      #.....       100%        3    ####...
 Summon Guardian Golem    Hex/Summ       #.......     100%        3    ####...
 Teleport Other           Tloc           #.......     100%        3    ####...
 Airstrike                Air            #.........   100%        4    #####..
 Cause Fear               Hex            #.........   100%        4    #####..
 Ice Form                 Ice/Tmut       #.......     100%        4    #####..
 Leda's Liquefaction      Hex/Erth       #.........   100%        4    #####..
 Petrify                  Tmut/Erth      #.......     100%        4    #####..
 Summon Ice Beast         Ice/Summ       #.......     100%        4    #####..
 Summon Lightning Spire   Summ/Air       #.......     100%        4    #####..
 Blade Hands              Tmut           #.........   100%        5    ######.
 Lee's Rapid Deconstruct  Erth           #.........   100%        5    ######.
 Lightning Bolt           Conj/Air       #.........   100%        5    ######.
 Metabolic Englaciation   Hex/Ice        #.........   100%        5    ######.
 Silence                  Hex/Air        #.........   100%        5    ######.
 Yara's Violent Unravell  Hex/Tmut       #.........   100%        5    ######.
 Deflect Missiles         Chrm/Air       #.........   100%        6    #######
 Iron Shot                Conj/Erth      #.........   100%        6    #######
 Discord                  Hex            #.........   100%        8    #######
 Disjunction              Tloc           #.........   100%        8    #######
 Ignition                 Fire           #.........   100%        8    #######
 Shatter                  Erth           #.........   100%        9    #######
 Tornado                  Air            #.........   100%        9    #######


Dungeon Overview and Level Annotations

Branches:
Dungeon (15/15)            Temple (1/1) D:4            Lair (6/6) D:11
  Swamp (4/4) Lair:4        Snake (4/4) Lair:4          Orc (1/2) D:11
 Vaults (5/5) D:14         Depths (5/5) D:15            Zot (5/5) Depths:5
Volcano (visited)
  Slime: Lair:5-6     Crypt: Vaults:2-3

Altars:
Ashenzari
Cheibriados
Dithmenos
Gozag
Hepliaklqana
Kikubaaqudgha
Makhleb
Nemelex Xobeh
Okawaru
Qazlal
Ru
Sif Muna
Vehumet
Wu Jian
Zin
The Shining One

Shops:
D:9 [   D:11 [   Vaults:4 [   Depths:1 =}}

Portals:
Hell: Depths:3 Depths:4 Depths:5
Abyss: Depths:3 Depths:4
Trove: D:14 (give 16 potions of curing)

Annotations:
Depths:3 3 runed translucent doors, Nedwecyt's ghost, journeyman DsAs
Zot:5 exclusion: orange crystal statue


Innate Abilities, Weirdness & Mutations

You are resistant to damage.
You can heal yourself by infusing magical energy.
You resist negative energy. (rN+)
You passively map a large area around you.
You do not regenerate.
You have sharp fingernails.
You are partially covered in slimy green scales. (AC +2)
Your skin changes colour to match your surroundings (Stealth+).
You often lose your temper in combat.
Scrolls take you a little longer to read.
You are very clumsy. (Dex -4)
You are dopey. (Int -2)
Your magical capacity is extremely low. (-30% MP)
You sometimes yell uncontrollably at your foes.
You are occasionally teleported next to monsters.
You are very weak. (Str -4)
Your spells are a little easier to cast, but a little less powerful.


Message History

The hellephant trumpets!
The hellephant enters a dispersal trap!
You blink.
You begin reading the scroll.
You continue reading the scroll.
As you read the scroll of teleportation {@r2}, it crumbles to dust.
You feel strangely unstable.
You feel the Orb delaying your translocation!
Unknown command.
The blizzard demon gestures at you.
The freezing blast engulfs you but does no damage.
You are engulfed in freezing vapours.
You resist.
You are engulfed in freezing vapours.
You resist.
The blizzard demon is engulfed in freezing vapours.
The blizzard demon drops a net on you. A large net falls onto you!
You become entangled in the net!
A neqoxec and a pandemonium lord come into view.
You yell at Wuqaerel!
You see here a throwing net.
You struggle against the net.
The neqoxec shouts!
The hellephant blinks!
You struggle against the net.
The blizzard demon hits you but does no damage. x2
The hellephant blinks!
A rust devil comes into view.
The neqoxec gestures at you.
Strange energies course through your body.
You feel a little pissed off.
You shred the net and break free! The neqoxec gestures at you.
Strange energies course through your body.
You feel angry.
The hellephant is engulfed in freezing vapours.
The blizzard demon gestures at you. The bolt of lightning hits you!!
The blizzard demon waves its arms in wide circles.
The air twists around and strikes you.
The red devil hops backward while attacking.
You block the red devil's attack.
Your surroundings suddenly seem different.
Really walk into that permanent teleport trap?
You enter a permanent teleport trap!
Your surroundings suddenly seem different.
The blizzard demon waves its arms in wide circles.
The air twists around and strikes you. Wuqaerel gestures at you.
You feel haunted. Wuqaerel gestures at you.
You feel haunted.
You block the phantasmal warrior's attack.
You hit the phantasmal warrior.
The phantasmal warrior is lightly damaged.
You slash the wraith! Wuqaerel gestures at you.
You feel haunted.
You hit the phantasmal warrior.
The phantasmal warrior is lightly damaged.
You hit the wraith but do no damage. You block the wraith's attack.
The phantasmal warrior hits you but does no damage.
The phantasmal warrior barely misses you.
You block the phantasmal warrior's attack.
The phantasmal warrior blinks!
You block the rust devil's attack.
The phantasmal warrior blinks! x3; The rust devil pulls the alarm!
The alarm trap emits a blaring wail!
A sentinel's mark forms upon you.
The phantasmal warrior blinks! x2
Really walk into that permanent teleport trap?
You enter a permanent teleport trap!
Your surroundings suddenly seem different.
The storm dragon breathes lightning at you.
The bolt of lightning misses you.
The blizzard demon hits you but does no damage. x2
The electric golem hurls lightning at you.
The bolt of lightning hits you!!!
The purple draconian scorcher casts a spell at you.
The sphere of damnation explodes!
The damnation engulfs you!
The electric golem blinks!
The electric golem crackles and sizzles.
The electric golem hurls lightning at you.
The bolt of lightning hits you!! The blizzard demon gestures at you.
The bolt of cold hits you! You resist.
* * * LOW HITPOINT WARNING * * *
The purple draconian scorcher casts a spell at you.
The fireball explodes!
The fireball engulfs you. You resist. The blizzard demon gestures at you.
The bolt of lightning hits you!!
* * * LOW HITPOINT WARNING * * *
The electric golem hurls lightning at you.
The bolt of lightning hits you!!
* * * LOW HITPOINT WARNING * * *
The blizzard demon waves its arms in wide circles.
The air twists around and strikes you!
* * * LOW HITPOINT WARNING * * *
The storm dragon breathes lightning at you.
The bolt of lightning misses you.
The Orb Guardian enters a dispersal trap!
The storm dragon blinks!
The purple draconian scorcher blinks!
You blink.
The blizzard demon gestures at you. The bolt of lightning hits you!!
You die...

▓▓....X##▓▓▓▓****▓▓▓*
##............,^,,...#
##......D.......,^**...
##............^.^.,,**#.
#......^q..........,,**#
#.....§............,,* *
#.......^..§.......,,*
#..................,,*
#......@.2.........,,*
#......^.8.........,,*
##.................,**
##....^...........** #
##..............#* #
################▓▓ #
#..........#.....####
#.###............##..
#......⌠^............


You could see an electric golem, a storm dragon, a purple draconian scorcher and
a blizzard demon.

Vanquished Creatures
  3 ancient liches
  4 orbs of fire
  Mara (Vaults:4)
  2 curse toes (Zot:5)
  7 Killer Klowns
  Xtahua (Vaults:5)
  the Enchantress (Depths:3)
  7 golden dragons
  An electric golem (Zot:2)
  2 liches
  A bone dragon (Depths:5)
  6 tentacled monstrosities
  A Hell Sentinel (Zot:5)
  23 Orb Guardians (Zot:5)
  2 quicksilver dragons
  2 titans (Vaults:5)
  2 sphinxes
  5 death cobs
  2 tengu reavers (Vaults:5)
  Gastronok (Lair:1)
  10 shadow dragons
  10 storm dragons
  7 nagarajas (Snake:4)
  A fire giant (Depths:5)
  2 frost giants (Vaults:5)
  2 ghost moths
  7 draconian scorchers
  5 draconian knights
  A deep elf sorcerer (Vaults:1)
  2 iron dragons (Vaults:5)
  4 vault wardens
  Louise (Depths:4)
  6 draconian stormcallers
  A draconian annihilator (Depths:5)
  7 ironheart preservers
  4 spriggan defenders (Depths:3)
  2 draconian shifters
  5 very ugly things
  8 stone giants
  A deep elf demonologist (Vaults:5)
  2 entropy weavers
  7 black draconians
  A deep elf annihilator (Vaults:5)
  12 green draconians
  13 yellow draconians
  A dire elephant (Lair:4)
  4 purple draconians
  2 small abominations (Vaults:5)
  6 white draconians
  6 red draconians
  Josephine (D:15)
  A spark wasp (Depths:5)
  2 ettins (Vaults:5)
  A merfolk javelineer (Depths:3)
  A green death (Swamp:4)
  4 fire dragons
  3 great orbs of eyes
  17 yaktaur captains
  A crystal guardian (Vaults:2)
  2 deep elf death magi
  Harold (D:7)
  A merfolk impaler (Depths:5)
  A deep elf high priest (Vaults:5)
  23 vault guards
  3 ice dragons
  8 naga warriors
  5 hydras
  4 spriggan air magi (Depths:3)
  6 centaur warriors
  A ghost crab (Swamp:2)
  9 ogre magi
  2 anacondas
  A dancing weapon (Vaults:5)
  2 death knights
  35 two-headed ogres
  6 deep troll shamans
  10 alligators
  A vampire mage (Depths:3)
  7 tengu warriors
  A spriggan berserker (Depths:3)
  A death yak (Lair:6)
  5 deep troll earth magi
  A shock serpent (Snake:2)
  A thrashing horror (Swamp:4)
  Nergalle (Lair:1)
  5 naga sharpshooters
  An iron troll (Depths:3)
  A salamander mystic (Snake:1)
  10 deep trolls
  A skeletal warrior (D:14)
  A deep troll (shapeshifter) (Vaults:5)
  3 unseen horrors
  A flayed ghost (Vaults:4)
  3 naga ritualists
  10 swamp dragons
  4 ironbrand convokers
  A lindwurm (shapeshifter) (Vaults:2)
  A phantasmal warrior (Vaults:5)
  2 deep elf archers
  A wolf spider (Vaults:1)
  3 mana vipers
  28 ugly things
  6 orc knights
  7 deep elf magi
  An orc sorcerer (Volcano)
  4 salamanders
  13 moths of wrath
  An elephant (shapeshifter) (Vaults:5)
  15 elephants (Lair:4)
  4 manticores
  2 guardian serpents
  A moth of wrath (shapeshifter) (Vaults:5)
  18 black mambas
  2 centaur zombies
  A rust devil (Depths:4)
  A smoke demon (Volcano)
  6 vault sentinels
  A hellion (Zot:5)
  8 spiny frogs
  14 naga magi
  5 centaur skeletons
  2 orange demons (Swamp:4)
  33 yaktaurs
  Maggie (D:6)
  A kobold demonologist (D:13)
  An efreet (D:13)
  3 rime drakes
  A redback zombie (D:15)
  4 komodo dragons
  5 freezing wraiths
  A tengu conjurer (D:14)
  2 meliai (D:14)
  5 trolls
  2 polar bears (D:14)
  A jumping spider (shapeshifter) (Vaults:3)
  6 hornets
  3 tyrant leeches
  12 bog bodies
  19 slime creatures
  2 meliai zombies
  A blink frog (Lair:4)
  A frost giant simulacrum (Vaults:3)
  4 hippogriffs
  7 spriggans
  A redback (Vaults:4)
  2 shadows (Swamp:4)
  37 yaks
  A basilisk (Lair:1)
  Grum (D:9)
  6 wraiths
  8 water elementals
  A hog (shapeshifter) (Depths:1)
  6 vampire mosquitoes
  4 hungry ghosts
  Menkaure (D:7)
  10 swamp worms
  23 nagas
  8 water moccasins
  3 wargs
  2 large abominations
  3 soldier ants
  An acid dragon (Vaults:1)
  Duvessa (D:7)
  3 hell hounds
  5 porcupines
  2 sky beasts
  14 orc warriors
  5 swamp drakes
  2 ice beasts
  3 black bears
  2 phantoms
  20 ogres
  A necrophage (D:9)
  4 boggarts
  A wolf (D:14)
  7 centaurs
  7 crocodiles
  6 big kobolds
  Blork the orc (D:6)
  14 bullfrogs
  Dowan (D:7)
  2 wyvern skeletons (D:14)
  2 scorpions
  A water moccasin skeleton (D:8)
  4 killer bees (D:10)
  2 electric eels
  12 wights
  4 howler monkeys
  4 crimson imps
  7 orc priests
  17 hounds
  6 jellies
  2 bullfrog skeletons (D:6)
  2 iguanas
  9 worker ants
  12 orc wizards
  A hound skeleton (D:6)
  16 gnolls
  10 adders
  3 shadow imps
  6 oozes
  An adder zombie (D:6)
  2 adder skeletons
  3 worms (D:2)
  A dart slug (D:5)
  6 leopard geckos
  53 orcs
  2 ball pythons
  3 giant cockroaches (D:1)
  11 goblins
  4 hobgoblins
  5 jackals
  23 kobolds
  3 quokkas
  10 bats
  7 frilled lizards
  A jackal skeleton (D:5)
  A quokka skeleton (D:7)
  5 rats
  8 fungi (D:11)
  5 plants
1179 creatures vanquished.

Vanquished Creatures (collateral kills)
  3 tentacled monstrosities
  2 Orb Guardians (Zot:5)
  A titan (Vaults:5)
  2 death cobs (Zot:5)
  A storm dragon (Depths:5)
  A fire giant (Vaults:4)
  A frost giant (Vaults:5)
  5 vault wardens
  A ghost moth (Zot:3)
  A draconian annihilator (Zot:1)
  2 very ugly things
  An ironheart preserver (Vaults:5)
  A yellow draconian (Zot:3)
  A deep elf demonologist (Vaults:1)
  2 green draconians (Zot:5)
  A small abomination (Vaults:5)
  2 white draconians
  A purple draconian (Zot:2)
  5 red draconians
  A spark wasp (Depths:5)
  An ettin (D:15)
  A green death (Swamp:4)
  2 yaktaur captains
  4 ogre magi
  A rakshasa (Vaults:2)
  4 naga warriors (Snake:4)
  3 vault guards
  4 hydras
  An ice dragon (Depths:3)
  2 centaur warriors (Vaults:1)
  3 two-headed ogres
  A tengu warrior (D:12)
  A deep troll shaman (Depths:4)
  A deep troll earth mage (Depths:4)
  A spriggan berserker (Depths:3)
  A shock serpent (Snake:3)
  3 naga sharpshooters (Snake:4)
  A spriggan (Depths:3)
  2 deep elf knights
  A salamander mystic (Snake:2)
  A spriggan druid (Swamp:2)
  4 deep trolls
  2 unseen horrors
  A glowing orange brain (Depths:5)
  3 swamp dragons (Swamp:4)
  4 deep elf archers
  An ironbrand convoker (Vaults:5)
  17 ugly things
  2 orc knights
  A deep elf mage (D:14)
  2 cyclopes
  A salamander (shapeshifter) (Vaults:4)
  5 salamanders
  3 black mambas
  A moth of wrath (Zot:2)
  3 elephants (Lair:4)
  14 naga magi
  2 vault sentinels
  A spiny frog (Swamp:2)
  A komodo dragon (Lair:6)
  A centaur skeleton (D:14)
  7 yaktaurs
  2 tyrant leeches (Swamp:1)
  A meliai (D:14)
  2 hornets
  8 slime creatures
  2 blink frogs (Lair:4)
  3 hippogriffs
  10 yaks
  2 wyverns
  A shadow (Swamp:4)
  A wraith (Vaults:5)
  A hungry ghost (D:13)
  A vampire mosquito (Swamp:2)
  A swamp worm (Swamp:3)
  10 nagas
  A warg (Vaults:3)
  A water moccasin (Lair:6)
  2 porcupines
  An ettin simulacrum (Vaults:2)
  4 orc warriors
  An ice beast (D:10)
  6 ogres
  A phantom (D:10)
  2 crocodiles
  3 centaurs
  A bullfrog (D:10)
  A gnoll sergeant (D:9)
  A killer bee (D:10)
  2 wights (D:14)
  3 crimson imps
  2 bullfrog zombies
  A jelly (D:11)
  A gnoll (D:9)
  6 orcs
  3 kobolds
  A bush (Lair:6)
  8 fungi
  A plant (Lair:6)
248 creatures vanquished.

Vanquished Creatures (others)
  An alligator (Swamp:4)
  A spriggan (Swamp:2)
  An unseen horror (Vaults:1)
  A rime drake (Lair:6)
  A hornet (Swamp:2)
  An ogre (Vaults:1)
  47 fungi
  8 plants
61 creatures vanquished.

Grand Total: 1488 creatures vanquished

Notes
Turn   | Place    | Note
-------+----------+-------------------------------------------
     0 | D:1      | EnegeticOcto the Deep Dwarf Fighter began the quest for the
                  | Orb.
     0 | D:1      | Reached XP level 1. HP: 20/20 MP: 1/1
    40 | D:1      | Found an iron altar of Okawaru.
    96 | D:1      | Reached XP level 2. HP: 27/27 MP: 2/2
   312 | D:1      | Reached XP level 3. HP: 33/33 MP: 3/3
   312 | D:1      | Reached skill level 1 in Dodging
   783 | D:2      | Reached XP level 4. HP: 36/42 MP: 4/4
   846 | D:2      | Found a faded altar of an unknown god.
  1085 | D:2      | Found a shimmering blue altar of Sif Muna.
  1235 | D:4      | Found a staircase to the Ecumenical Temple.
  1238 | D:4      | Noticed a phantom
  1250 | Temple   | Entered the Ecumenical Temple
  1382 | Temple   | Became a worshipper of Makhleb the Destroyer
  1524 | D:4      | Killed a phantom
  1524 | D:4      | Reached skill level 1 in Invocations
  1524 | D:4      | Reached XP level 5. HP: 34/49 MP: 4/6
  1593 | D:4      | Reached XP level 6. HP: 25/56 MP: 7/7
  1876 | D:5      | Entered Level 5 of the Dungeon
  1885 | D:5      | Gained mutation: Your flesh is cold resistant. (rC+)
                  | [potion of mutation]
  1885 | D:5      | Gained mutation: Your magical capacity is low. (-10% MP)
                  | [potion of mutation]
  1885 | D:5      | Gained mutation: You have sharp fingernails. [potion of
                  | mutation]
  1915 | D:5      | Reached XP level 7. HP: 32/64 MP: 7/7
  1958 | D:5      | Reached * piety under Makhleb
  2035 | D:5      | Reached skill level 5 in Axes
  2405 | D:6      | Reached XP level 8. HP: 60/73 MP: 8/8
  2440 | D:6      | Noticed Blork the orc
  2449 | D:6      | Killed Blork the orc
  2449 | D:6      | Reached skill level 5 in Shields
  2449 | D:6      | Reached skill level 5 in Invocations
  2663 | D:6      | Noticed Maggie
  2675 | D:6      | Killed Maggie
  2675 | D:6      | Reached skill level 5 in Fighting
  2675 | D:6      | Reached skill level 5 in Armour
  2680 | D:6      | Got a pair of bloodstained gloves
  2686 | D:6      | Identified the cursed +0 pair of gloves of Sudie {rPois rN+
                  | Str+3} (You found it on level 6 of the Dungeon)
  3133 | D:7      | Noticed Duvessa
  3133 | D:7      | Noticed Dowan
  3185 | D:7      | Killed Duvessa
  3185 | D:7      | Reached ** piety under Makhleb
  3199 | D:7      | Killed Dowan
  3266 | D:7      | Noticed Menkaure
  3272 | D:7      | Killed Menkaure
  3275 | D:7      | Gained mutation: You passively map the area around you.
                  | [Deep Dwarf growth]
  3275 | D:7      | Reached XP level 9. HP: 49/81 MP: 10/10
  3677 | D:7      | Noticed Harold
  3706 | D:7      | Killed Harold
  4533 | D:8      | Found an ancient bone altar of Kikubaaqudgha.
  4602 | D:8      | Found an ornate altar of the Wu Jian Council.
  4670 | D:8      | Reached skill level 5 in Dodging
  4753 | D:8      | Noticed a two-headed ogre
  4764 | D:8      | Killed a two-headed ogre
  4764 | D:8      | Reached XP level 10. HP: 71/92 MP: 10/10
  4774 | D:8      | Reached *** piety under Makhleb
  5286 | D:9      | Noticed Grum
  5304 | D:9      | Killed Grum
  5536 | D:9      | Found Carr's Antique Armour Emporium.
  5545 | D:9      | Bought an ancient hat for 297 gold pieces
  5555 | D:9      | Identified the +0 hat of Arusaudd {+Blink} (You bought it
                  | in a shop on level 9 of the Dungeon)
  5598 | D:9      | Found the cursed +14 obsidian axe {vorpal, +Fly SInv
                  | *Curse}
  5625 | D:9      | Reached **** piety under Makhleb
  5919 | D:10     | Entered Level 10 of the Dungeon
  5993 | D:10     | Noticed a centaur warrior
  6001 | D:10     | Killed a centaur warrior
  6003 | D:10     | Reached XP level 11. HP: 103/103 MP: 12/12
  6007 | D:10     | Reached skill level 10 in Invocations
  6566 | D:11     | Found a staircase to the Lair.
  6566 | D:11     | Noticed a purple ugly thing
  6568 | D:11     | Noticed a sun demon
  6578 | D:11     | Killed a purple ugly thing
  6601 | D:11     | Reached ***** piety under Makhleb
  6693 | D:11     | Noticed a red ugly thing
  6698 | D:11     | Killed a red ugly thing
  6709 | D:11     | Found a shadowy altar of Dithmenos.
  6738 | D:11     | Noticed a red ugly thing
  6738 | D:11     | Noticed a cyan ugly thing
  6746 | D:11     | Killed a red ugly thing
  6746 | D:11     | Reached skill level 10 in Axes
  6748 | D:11     | Killed a cyan ugly thing
  6753 | D:11     | Found a staircase to the Orcish Mines.
  6753 | D:11     | Found Ladasoda's Armour Emporium.
  6768 | Orc:1    | Entered Level 1 of the Orcish Mines
  6812 | Orc:1    | Noticed an orc knight
  6823 | Orc:1    | Gained mutation: You are clumsy. (Dex -2) [a neqoxec]
  6827 | Orc:1    | Killed an orc knight
  7522 | D:12     | Reached XP level 12. HP: 94/114 MP: 12/12
  7664 | D:12     | Noticed a tengu warrior
  7665 | D:12     | Noticed a tengu warrior
  7671 | D:12     | Killed a tengu warrior
  7673 | D:12     | Killed a tengu warrior
  8001 | D:12     | Reached ****** piety under Makhleb
  8213 | D:13     | Noticed a centaur warrior
  8223 | D:13     | Killed a centaur warrior
  8319 | D:13     | Reached skill level 10 in Fighting
  8327 | D:13     | Noticed a tengu warrior
  8335 | D:13     | Killed a tengu warrior
  8394 | D:13     | Noticed a tengu warrior
  8404 | D:13     | Killed a tengu warrior
  8595 | D:13     | Reached XP level 13. HP: 123/123 MP: 14/14
  8952 | D:14     | Found a portal to a secret trove of treasure.
  9443 | D:14     | Found a gate to the Vaults.
  9980 | D:15     | Entered Level 15 of the Dungeon
 10082 | D:15     | Noticed an ettin
 10090 | D:15     | Killed an ettin
 10093 | D:15     | Gained mutation: You resist negative energy. (rN+) [Deep
                  | Dwarf growth]
 10093 | D:15     | Reached XP level 14. HP: 113/135 MP: 16/16
 10094 | D:15     | Found a staircase to the Depths.
 10212 | D:15     | Reached skill level 10 in Armour
 10298 | D:15     | Noticed Josephine
 10310 | D:15     | Killed Josephine
 10310 | D:15     | Reached skill level 10 in Shields
 10571 | D:11     | Bought the +2 storm dragon scales of Defence {rElec rPois
                  | Regen+ Int-5 SInv} for 1043 gold pieces
 10605 | Lair:1   | Entered Level 1 of the Lair of Beasts
 10624 | Lair:1   | Noticed Gastronok
 10635 | Lair:1   | Killed Gastronok
 10720 | Lair:1   | Noticed Nergalle
 10727 | Lair:1   | Killed Nergalle
 11298 | Lair:2   | Found a dark tunnel.
 11304 | Volcano  | Entered a volcano
 11350 | Volcano  | Reached skill level 15 in Invocations
 12277 | Lair:4   | Found a staircase to the Snake Pit.
 12422 | Lair:4   | You fall into a shaft and drop 2 floors!
 12422 | Lair:6   | Entered Level 6 of the Lair of Beasts
 12425 | Lair:6   | Reached skill level 10 in Dodging
 12632 | Lair:4   | Found a staircase to the Swamp.
 12755 | Lair:4   | Reached XP level 15. HP: 144/144 MP: 18/18
 13103 | Snake:1  | Entered Level 1 of the Snake Pit
 13700 | Snake:4  | Entered Level 4 of the Snake Pit
 13740 | Snake:4  | Noticed a nagaraja
 13746 | Snake:4  | Noticed a nagaraja
 13746 | Snake:4  | Noticed a nagaraja
 13751 | Snake:4  | Killed a nagaraja
 13751 | Snake:4  | Noticed a nagaraja
 13753 | Snake:4  | Noticed a nagaraja
 13755 | Snake:4  | Noticed a nagaraja
 13757 | Snake:4  | Noticed a nagaraja
 13760 | Snake:4  | Killed a nagaraja
 13780 | Snake:4  | Killed a nagaraja
 13786 | Snake:4  | Killed a nagaraja
 13793 | Snake:4  | Killed a nagaraja
 13793 | Snake:4  | Killed a nagaraja
 13800 | Snake:4  | Killed a nagaraja
 13805 | Snake:4  | Reached XP level 16. HP: 154/154 MP: 18/18
 13830 | Snake:4  | Got a serpentine rune of Zot
 13836 | Snake:4  | Reached skill level 15 in Axes
 14128 | Swamp:1  | Entered Level 1 of the Swamp
 14566 | Swamp:4  | Entered Level 4 of the Swamp
 14579 | Swamp:4  | Gained mutation: Your magical capacity is very low. (-20%
                  | MP) [a neqoxec]
 14915 | Swamp:4  | Noticed a tentacled monstrosity
 14925 | Swamp:4  | Killed a tentacled monstrosity
 14972 | Swamp:4  | Got a decaying rune of Zot
 15323 | Vaults:1 | Entered Level 1 of the Vaults
 15368 | Vaults:1 | Reached XP level 17. HP: 165/165 MP: 16/16
 16386 | Vaults:3 | Noticed a lich
 16397 | Vaults:3 | Killed a lich
 16448 | Vaults:4 | Found Tiycecwa's Antique Armour Emporium.
 16652 | Vaults:4 | Gained mutation: You passively map a large area around you.
                  | [Deep Dwarf growth]
 16652 | Vaults:4 | Reached XP level 18. HP: 176/176 MP: 18/18
 16724 | Vaults:4 | Noticed a lich
 16737 | Vaults:4 | Killed a lich
 16784 | Vaults:4 | Noticed Mara
 16809 | Vaults:4 | Noticed EnegeticOcto's illusion
 16840 | Vaults:4 | Noticed EnegeticOcto's illusion
 16840 | Vaults:4 | Killed Mara
 16860 | Vaults:5 | Entered Level 5 of the Vaults
 16937 | Vaults:5 | Found the +4 moon troll leather armour {Spirit, Regen++
                  | MP+5}
 16942 | Vaults:5 | Noticed a tentacled monstrosity
 16947 | Vaults:5 | Killed a tentacled monstrosity
 16947 | Vaults:5 | Reached skill level 15 in Fighting
 17086 | Vaults:5 | Identified the Almanac of the Traveller
 17195 | Vaults:5 | Noticed a golden dragon
 17205 | Vaults:5 | Killed a golden dragon
 17210 | Vaults:5 | Reached XP level 19. HP: 186/186 MP: 18/18
 17224 | Vaults:5 | Identified the +10 plate armour "Feggagiu" {-Tele Int+2
                  | SInv} (You found it on level 5 of the Vaults)
 17438 | Vaults:5 | Noticed an ancient lich
 17457 | Vaults:5 | Killed an ancient lich
 17467 | Vaults:5 | Found the +10 tower shield of Ignorance {rN+ Int-4}
 17470 | Vaults:5 | Got a silver rune of Zot
 17478 | Vaults:5 | Got a smoking diamond amulet
 17523 | Vaults:5 | Identified the amulet of Bulat {Gourm +Inv rPois} (You
                  | found it on level 5 of the Vaults)
 17736 | Vaults:5 | Noticed Xtahua
 17760 | Vaults:5 | Killed Xtahua
 18025 | Vaults:5 | Identified Dispater's Catalogue of Ashen Conjuration
 18601 | Depths:1 | Entered Level 1 of the Depths
 18656 | Depths:1 | Found Jybimyih's Gadget Shop.
 18657 | Depths:1 | Found Moivodare's Jewellery Shoppe.
 18659 | Depths:1 | Found Umnuy's Gadget Shop.
 18719 | Depths:3 | Noticed the Enchantress
 18728 | Depths:3 | Reached XP level 20. HP: 135/196 MP: 17/17
 18750 | Depths:3 | Killed the Enchantress
 18790 | Depths:3 | Got a wavering amber ring
 18791 | Depths:3 | Identified the ring of Xebbetiu {rPois Int+4 Dex+5} (You
                  | found it on level 3 of the Depths)
 18870 | Depths:3 | Found a one-way gate to the infinite horrors of the Abyss.
 18877 | Depths:3 | Found a runed translucent gate.
 18877 | Depths:3 | Found a runed translucent gate.
 18877 | Depths:3 | Found a runed translucent gate.
 18878 | Depths:3 | Noticed Nedwecyt's ghost (journeyman DsAs)
 19061 | Depths:3 | Found a gateway to Hell.
 19068 | Depths:4 | Noticed Louise
 19082 | Depths:4 | Killed Louise
 19432 | Depths:5 | Entered Level 5 of the Depths
 19717 | Depths:5 | Noticed a bone dragon
 19739 | Depths:5 | Killed a bone dragon
 19748 | Depths:5 | Found a gate to the Realm of Zot.
 19805 | Zot:1    | Entered Level 1 of the Realm of Zot
 19884 | Zot:1    | Noticed a golden dragon
 19888 | Zot:1    | Noticed a Killer Klown
 19889 | Zot:1    | Noticed a Killer Klown
 19943 | Zot:1    | Reached XP level 21. HP: 207/207 MP: 16/16
 19951 | Zot:1    | Killed a Killer Klown
 20000 | Zot:1    | Killed a golden dragon
 20001 | Zot:1    | Killed a Killer Klown
 20061 | Zot:2    | Reached skill level 15 in Shields
 20065 | Zot:2    | Reached skill level 15 in Armour
 20113 | Zot:2    | Noticed an orb of fire
 20136 | Zot:2    | Gained mutation: You occasionally shout uncontrollably at
                  | your foes. [an orb of fire]
 20137 | Zot:2    | Gained mutation: You are weak. (Str -2) [an orb of fire]
 20138 | Zot:2    | Gained mutation: You are very weak. (Str -4) [an orb of
                  | fire]
 20140 | Zot:2    | Gained mutation: You are dopey. (Int -2) [an orb of fire]
 20145 | Zot:2    | Gained mutation: You sometimes yell uncontrollably at your
                  | foes. [an orb of fire]
 20148 | Zot:2    | Killed an orb of fire
 20189 | Zot:3    | Noticed a golden dragon
 20203 | Zot:3    | Killed a golden dragon
 20344 | Zot:3    | Reached skill level 15 in Dodging
 20367 | Zot:4    | Noticed a golden dragon
 20368 | Zot:4    | Noticed a Killer Klown
 20381 | Zot:4    | Killed a Killer Klown
 20396 | Zot:4    | Noticed a Killer Klown
 20398 | Zot:4    | Noticed a golden dragon
 20411 | Zot:4    | Killed a golden dragon
 20426 | Zot:4    | Killed a golden dragon
 20437 | Zot:4    | Killed a Killer Klown
 20437 | Zot:4    | Reached XP level 22. HP: 219/219 MP: 14/14
 20464 | Zot:4    | Noticed a golden dragon
 20473 | Zot:4    | Killed a golden dragon
 20476 | Zot:5    | Entered Level 5 of the Realm of Zot
 20507 | Zot:5    | Noticed a golden dragon
 20522 | Zot:5    | Killed a golden dragon
 20602 | Zot:5    | Noticed an ancient lich
 20610 | Zot:5    | Noticed an orb of fire
 20622 | Zot:5    | Killed an ancient lich
 20622 | Zot:5    | Noticed an orb of fire
 20624 | Zot:5    | Noticed an orb of fire
 20632 | Zot:5    | Gained mutation: You are occasionally teleported next to
                  | monsters. [an orb of fire]
 20633 | Zot:5    | Gained mutation: Your spells are a little easier to cast,
                  | but a little less powerful. [an orb of fire]
 20633 | Zot:5    | Noticed a Killer Klown
 20633 | Zot:5    | Noticed a curse toe
 20637 | Zot:5    | Killed an orb of fire
 20642 | Zot:5    | Gained mutation: You are very clumsy. (Dex -4) [an orb of
                  | fire]
 20644 | Zot:5    | Noticed an ancient lich
 20647 | Zot:5    | Noticed a Killer Klown
 20668 | Zot:5    | Gained mutation: Your body sometimes deteriorates upon
                  | taking damage. [an orb of fire]
 20678 | Zot:5    | Gained mutation: Your magical capacity is extremely low.
                  | (-30% MP) [an orb of fire]
 20679 | Zot:5    | Gained mutation: Scrolls take you a little longer to read.
                  | [an orb of fire]
 20682 | Zot:5    | Killed an ancient lich
 20687 | Zot:5    | Killed an orb of fire
 20691 | Zot:5    | Noticed a curse toe
 20693 | Zot:5    | Killed an orb of fire
 20709 | Zot:5    | Killed a Killer Klown
 20722 | Zot:5    | Noticed a Killer Klown
 20740 | Zot:5    | Killed a Killer Klown
 20740 | Zot:5    | Killed a Killer Klown
 20747 | Zot:5    | Killed a curse toe
 20754 | Zot:5    | Killed a curse toe
 20754 | Zot:5    | Reached XP level 23. HP: 147/230 MP: 8/8
 21000 | Zot:5    | Got the Orb of Zot
 21071 | Zot:5    | Found the +8 demon blade "Leech" {vamp, *Rage +Rage rN+}
 21079 | Zot:5    | Paralysed by the power of Zot for 4 turns
 21114 | Zot:5    | Lost mutation: Your flesh is cold resistant. (rC+) [potion
                  | of mutation]
 21114 | Zot:5    | Lost mutation: Your body sometimes deteriorates upon taking
                  | damage. [potion of mutation]
 21114 | Zot:5    | Gained mutation: Your skin changes colour to match your
                  | surroundings (Stealth+). [potion of mutation]
 21114 | Zot:5    | Gained mutation: You are partially covered in slimy green
                  | scales. (AC +2) [potion of mutation]
 21140 | Zot:5    | Noticed Wuqaerel the pandemonium lord
 21141 | Zot:5    | Gained mutation: You tend to lose your temper in combat. [a
                  | neqoxec]
 21142 | Zot:5    | Gained mutation: You often lose your temper in combat. [a
                  | neqoxec]
 21168 | Zot:5    | Killed from afar by a blizzard demon

Levels and vault maps discovered:
D:1:      minmay_arrival_stone_box, layout_loops_cross, st_stairs_4,
          okawaru_ov_weapons_minmay
D:2:      layout_loops_ring, lemuel_coloured_pillars_altar,
          chequers_ecumenical_altar_simple
D:3:      minmay_goblin_kobold_castle, layout_basic, kennysheep_ying_yang,
          serial_rivers, chequers_serial_rivers_small_b,
          chequers_serial_rivers_marsh, chequers_serial_rivers_micro_e,
          chequers_serial_rivers_small_b, gammafunk_ghost_abyssal_escape,
          uniq_grinder
D:4:      layout_rooms, minmay_temple_entry_junction
D:5:      layout_rooms, first_ration
D:6:      layout_loops_ring, uniq_blork_the_orc, uniq_maggie
D:7:      layout_basic, uniq_menkaure, uniq_harold, uniq_duvessa
D:8:      layout_loops_ring, nicolae_overflow_hidden_temple, basic_altar
D:9:      layout_big_octagon, serial_gnoll_camp, gnoll_camp_mini_loothouse,
          gnoll_camp_mini_doghouse, gnoll_camp_mini_hut, grums_kennel,
          gnoll_camp_mini_shop, gnoll_camp_mini_house
D:10:     layout_long_grid
D:11:     layout_cave_pods, due_lair_maze_entry_diamond, orc_david_3,
          hangedman_little_slice_of_home, minmay_liquid_box,
          grunt_dithmenos_shadows
D:12:     layout_rooms, roderic_serpentine_path, minmay_misc_feat_secret_circle
D:13:     layout_loops_ring
D:14:     layout_irregular_city, hangedman_vaults_entry_quadrant_bands,
          portal_ice_cave_entry_animals_and_master, minmay_door_square,
          enter_trove_6
D:15:     hangedman_depths_entry_civil_slaughter, layout_rooms, uniq_josephine
Temple:   dpeg_five_rooms_temple
Lair:1:   layout_cave_pods, special_room [special_room_bee], uniq_gastronok,
          uniq_nergalle
Lair:2:   layout_misc_corridors, enter_volcano_3
Lair:3:   layout_big_grid
Lair:4:   mu_elephants_graveyard, layout_regular_city,
          nicolae_swamp_entry_splash_gauntlet,
          minmay_snake_entry_guardpost_small
Lair:5:   layout_long_grid, minivault_26, minivault_11,
          grunt_forest_stairs_basic, chequers_serial_rivers_micro_e
Lair:6:   evilmike_catoblepas_cave, layout_loops_ring,
          nicolae_slime_entry_slimehenge, serial_bayou, serial_bayou_ford_a,
          serial_bayou_pond_d, serial_bayou_pond_a, serial_bayou_shore_b,
          chequers_serial_rivers_small_b, minmay_lair_drake_nest
Swamp:1:  layout_falls_marsh, evilmike_swamp_ruin_rubble_2, swamp_pool1
Swamp:2:  layout_basic_swamp, evilmike_swamp_ruin_house_2
Swamp:3:  layout_falls_marsh, evilmike_swamp_ruin_rubble_1,
          hangedman_swamp_diagram, infiniplex_staircase_pool
Swamp:4:  swamp_vile, layout_basic_swamp, swamp_pool1, hangedman_swamp_dais
Snake:1:  layout_layer_cave, uniq_aizul
Snake:2:  layout_gridlike, nicolae_large_snake_swirl, serial_bayou_shore_b
Snake:3:  layout_onion, basic_altar, drop_trap, grunt_megastairs_2,
          serial_bayou_shore_a, serial_bayou_shore_b, serial_bayou_shore_b,
          lemuel_fruit_tree, uniq_vashnia
Snake:4:  snake_pit, layout_cave_town
Orc:1:    layout_diamond_mine
Vaults:1: v_misc_27, vaults_mumra_minichess_inversion, v_rooms_4,
          vaults_dpeg_spiral, vaults_dpeg_hooks, vaults_dpeg_diagonal,
          nicolae_vaults_shelves_hall, v_misc_33,
          nicolae_vaults_yaktaur_gun_rack, v_misc_12,
          nicolae_vaults_know_your_exits, nicolae_vaults_rhombus_6,
          ontoclasm_vaults_misaligned, vaults_room_ringed_pool,
          hangedman_vaults_impose, grunt_vaults_hallway_long,
          layout_vaults_omnibox
Vaults:2: vaults_room_fours, ontoclasm_vaults_misaligned,
          nicolae_vaults_what_the_h, nicolae_vaults_little_squares_2,
          vaults_room_door_ring, nicolae_vaults_network_square,
          hangedman_vaults_nails, vaults_dpeg_doors,
          nicolae_vaults_sealed_display, st_smaller_cells, grunt_vaults_swirl,
          layout_vaults_maze_bifur, serial_shops, shop, uniq_bai_suzhen
Vaults:3: blue_anna_dwarven_crypt, hangedman_vaults_restitches, st_lines,
          vaults_room_door_hall, v_misc_18, hangedman_vaults_maws,
          v_alt_pattern_1, nicolae_vaults_network_quinsquares
          [nicolae_vaults_network_quincunx_subvault,
          nicolae_vaults_network_quincunx_subvault,
          nicolae_vaults_network_quincunx_subvault,
          nicolae_vaults_network_quincunx_subvault],
          nicolae_vaults_three_branches, nicolae_vaults_circle_grid_a,
          nicolae_vaults_little_squares_4, vaults_dpeg_ring,
          layout_vaults_omnicross, serial_shops, nicolae_shop_crystal
Vaults:4: ontoclasm_vaults_gateway, nicolae_vaults_specimen_jars, v_rooms_5,
          vaults_room_door_ring, v_misc_2, v_misc_30,
          nicolae_vaults_angled_halls, grunt_vaults_hallway_long, v_misc_30,
          ontoclasm_vaults_idyll, nicolae_vaults_little_squares_5,
          hangedman_vaults_stagger, layout_vaults_ring, serial_shops, shop,
          uniq_saint_roka, uniq_frederick, uniq_margery, uniq_mara
Vaults:5: uniq_xtahua
Depths:1: layout_roguey, kennysheep_crisscross, pf_coc_iceberg,
          kennysheep_generic_room_15, infiniplex_staircase_pool_lava,
          minmay_shop_grove, serial_bayou_shore_b, firewood_loft
Depths:2: radiant_caverns_a_rkd, hell_entry
Depths:3: thingy_vault, layout_cave_pools, hangedman_decor_diamond_cutter,
          biasface_ghost_demon_polymorph, abyss_entry,
          grunt_pan_entry_in_and_out, hell_entry,
          infiniplex_staircase_pillars_2, uniq_enchantress
Depths:4: minmay_haunted_quarter, layout_long_grid, grunt_hell_entry_dis_mu,
          nicolae_abyss_entry_one_way_or_another
Depths:5: grunt_zot_entry_bicorn, layout_cave_pools, hell_entry, serial_sigils,
          serial_sigils_hangedman_confine, serial_sigils_hangedman_leer,
          serial_sigils_hangedman_scratch, serial_sigils_hangedman_quiver,
          serial_sigils_hangedman_snap, minmay_misc_feat_five, abyss_entry
Zot:1:    grunt_zot_stairs_faceoff, layout_twisted_circle
Zot:2:    layout_basic, gammafunk_ghost_wrathful_warriors, grunt_megastairs_3
Zot:3:    nicolae_moth_party, layout_gridlike, lemuel_elevator
Zot:4:    cheibrodos_zot_enchanting_chambers, layout_misc_corridors
Zot:5:    layout_basic, st_stairs_13, grunt_ministairs_3

Skill      XL: |  1  2  3  4  5  6  7  8  9 10 11 12 13 14 15 16 17 18 19 20 21 22 |
---------------+-------------------------------------------------------------------+-----
Dodging        | 1 2 3 4 5 6 7 8 9 10 11 12 13 14 15 | 15.9
Axes           | 3 4 5 6 8 9 10 11 12 13 14 15 16 17 18 19 20 21 | 21.4
Fighting       | 3 4 5 6 7 9 10 11 12 13 14 15 16 17 18 | 18.6
Shields        | 4 5 6 7 8 9 10 11 12 13 14 15 16 | 16.2
Invocations    | 1 2 3 4 6 8 9 11 12 14 15 16 17 18 19 20 21 | 21.8
Armour         | 4 5 6 7 8 9 10 11 12 13 14 15 16 | 16.2

Action                   |  1- 3 |  4- 6 |  7- 9 | 10-12 | 13-15 | 16-18 | 19-21 | 22-24 || total
-------------------------+-------+-------+-------+-------+-------+-------+-------+-------++-------
Melee: Hand axe          |    96 |   174 |   379 |   191 |       |       |       |       ||   840
       War axe           |     9 |       |       |       |       |       |       |       ||     9
       Broad axe         |       |       |       |   326 |   618 |   931 |   960 |   268 ||  3103
Throw: Throwing net      |       |       |       |       |       |       |       |     1 ||     1
Invok: Greater Servant o |       |       |       |       |     4 |       |     1 |     1 ||     6
 Abil: Heal Wounds       |       |     3 |     7 |     6 |     3 |     3 |    25 |    20 ||    67
Evoke: Wand              |       |       |       |       |       |     3 |       |       ||     3
  Use: Scroll            |       |    11 |     2 |    10 |    10 |     1 |    23 |    12 ||    69
       Potion            |       |     1 |       |       |     3 |     2 |     6 |     7 ||    19
 Stab: Distracted        |       |       |       |     4 |    12 |    11 |    12 |     4 ||    43
       Confused          |       |       |       |       |       |     3 |       |       ||     3
       Invisible         |       |       |       |       |       |       |       |     9 ||     9
       Held in net/web   |       |       |       |       |       |       |       |     1 ||     1
  Eat: Chunk             |       |     4 |    10 |    21 |    19 |     7 |     5 |       ||    66
       Ration            |       |       |       |       |       |     2 |     3 |       ||     5
Armor: Scale mail        |    29 |    63 |    93 |    19 |       |       |       |       ||   204
       Chain mail        |       |       |       |   189 |    89 |       |       |       ||   278
       Skin              |       |       |       |    16 |       |       |       |       ||    16
       Storm dragon scal |       |       |       |       |   200 |   496 |    73 |       ||   769
       Gold dragon scale |       |       |       |       |       |       |   305 |    94 ||   399
Dodge: Dodged            |    25 |    86 |   126 |   143 |   260 |   479 |   298 |    62 ||  1479
Block: Kite shield       |    59 |    86 |    51 |       |       |       |       |       ||   196
       Tower shield      |       |       |   169 |   520 |   672 |  1008 |  1256 |   329 ||  3954

Table legend:
 A = Non-vault XP
 B = Vault XP
 C = Vault XP percentage of total XP
 D = Non-vault monster count
 E = Vault monster count
 F = Vault count percentage of total count
                 A         B        C        D         E       F
            +---------+---------+-------+---------+---------+-------
      Total |  456869 |  408885 |  47.2 |     964 |     441 |  31.4
            +---------+---------+-------+---------+---------+-------
        D:1 |      46 |      18 |  28.1 |      29 |       3 |   9.4
        D:2 |      66 |       0 |   0.0 |      25 |       0 |   0.0
        D:4 |     565 |       0 |   0.0 |      20 |       0 |   0.0
        D:5 |     326 |       0 |   0.0 |      15 |       0 |   0.0
        D:6 |     753 |     475 |  38.7 |      17 |       2 |  10.5
        D:7 |     721 |    1431 |  66.5 |      20 |       4 |  16.7
        D:8 |    1694 |       0 |   0.0 |      19 |       0 |   0.0
        D:9 |    2146 |     781 |  26.7 |      30 |      23 |  43.4
       D:10 |    3672 |       0 |   0.0 |      29 |       0 |   0.0
       D:11 |    4621 |    2041 |  30.6 |      35 |      28 |  44.4
       D:12 |   11476 |       0 |   0.0 |      45 |       0 |   0.0
       D:13 |    7239 |       0 |   0.0 |      40 |       0 |   0.0
       D:14 |   13449 |    6923 |  34.0 |      34 |      25 |  42.4
       D:15 |    7247 |    6847 |  48.6 |      23 |      11 |  32.4
     Lair:1 |    1082 |    2876 |  72.7 |       6 |       2 |  25.0
     Lair:2 |    5305 |     290 |   5.2 |      22 |       2 |   8.3
     Lair:3 |    2140 |       0 |   0.0 |      12 |       0 |   0.0
     Lair:4 |    1315 |   10144 |  88.5 |       9 |      30 |  76.9
     Lair:5 |     281 |       0 |   0.0 |       3 |       0 |   0.0
     Lair:6 |    2130 |     652 |  23.4 |      10 |       1 |   9.1
    Swamp:1 |    4216 |       0 |   0.0 |      12 |       0 |   0.0
    Swamp:2 |   10280 |       0 |   0.0 |      22 |       0 |   0.0
    Swamp:3 |    3291 |       0 |   0.0 |       7 |       0 |   0.0
    Swamp:4 |   12195 |   15879 |  56.6 |      33 |      30 |  47.6
    Snake:1 |   10129 |       0 |   0.0 |      22 |       0 |   0.0
    Snake:2 |    6049 |       0 |   0.0 |      11 |       0 |   0.0
    Snake:3 |    4593 |       0 |   0.0 |      11 |       0 |   0.0
    Snake:4 |   14294 |   27234 |  65.6 |      37 |      46 |  55.4
      Orc:1 |    1611 |       0 |   0.0 |      19 |       0 |   0.0
   Vaults:1 |   23694 |   17974 |  43.1 |      41 |      24 |  36.9
   Vaults:2 |    4665 |   10193 |  68.6 |      10 |      19 |  65.5
   Vaults:3 |    4400 |    7377 |  62.6 |       9 |      13 |  59.1
   Vaults:4 |   27120 |    6500 |  19.3 |      37 |       1 |   2.6
   Vaults:5 |   35018 |  114443 |  76.6 |      58 |      78 |  57.4
   Depths:1 |    7021 |       0 |   0.0 |      11 |       0 |   0.0
   Depths:3 |   39087 |    9697 |  19.9 |      57 |       9 |  13.6
   Depths:4 |   10424 |    2394 |  18.7 |      14 |       3 |  17.6
   Depths:5 |   11706 |   19324 |  62.3 |      14 |      14 |  50.0
      Zot:1 |   28792 |   23734 |  45.2 |      18 |      14 |  43.8
      Zot:2 |   38297 |    3527 |   8.4 |      23 |       2 |   8.0
      Zot:3 |   20210 |   10021 |  33.1 |      12 |      11 |  47.8
      Zot:4 |   25660 |       0 |   0.0 |       8 |       0 |   0.0
      Zot:5 |   47843 |  104803 |  68.7 |      35 |      39 |  52.7
    Volcano |       0 |    3307 | 100.0 |       0 |       7 | 100.0
            +---------+---------+-------+---------+---------+-------
